 Dungeon Crawl Stone Soup version 0.28.0 (webtiles) character file.

Game seed: 2569696217439171397

4 Prodoman the Magician (level 1, 0/13 HPs)
             Began as a Demonspawn Hedge Wizard on Feb 4, 2022.
             Killed from afar by a dart slug (2 damage)
             ... with a slug dart
             ... on level 1 of the Dungeon.
             The game lasted 00:00:51 (199 turns).

Prodoman the Magician (Demonspawn Hedge Wizard)      Turns: 199, Time: 00:00:51

Health: 0/13       AC:  2    Str: 10    XL:     1   Next: 58%
Magic:  1/4        EV: 12    Int: 15    God:
Gold:   30         SH:  0    Dex: 12    Spells: 5/6 levels left

rFire   . . .      SeeInvis .   a - +0 dagger
rCold   . . .      Faith    .   (no shield)
rNeg    . . .      Spirit   .   b - +0 robe
rPois   .          Reflect  .   c - +0 hat
rElec   .          Harm     .   (no cloak)
rCorr   .          Rampage  .   (no gloves)
Will    .....                   (no boots)
Stlth   ++........              (no amulet)
HPRegen 0.04/turn               (no ring)
MPRegen 0.09/turn               (no ring)

@: no status effects
A: no striking features
a: no special abilities


You were on level 1 of the Dungeon.
You visited 1 branch of the dungeon, and saw 1 of its levels.

You collected 30 gold pieces.

Inventory:

Hand Weapons
 a - a +0 dagger (weapon)
Armour
 b - a +0 robe (worn)
 c - a +0 hat (worn)


   Skills:
 + Level 1.8 Dodging
 + Level 1.8 Stealth
 * Level 3.0 Spellcasting
 + Level 1.1 Conjurations
 + Level 1.1 Summonings
 - Level 1.0 Translocations


You had 5 spell levels left.
You knew the following spells:

 Your Spells              Type           Power      Damage    Failure   Level
a - Magic Dart            Conj           20%        1d4       13%         1

Your spell library contained the following spells:

 Spells                   Type           Power      Damage    Failure   Level
 Call Imp                 Summ           5%         N/A       19%         2
 Slow                     Hex            8%         N/A       21%         1
 Blink                    Tloc           10%        N/A       21%         2
 Conjure Flame            Conj/Fire      4%         6-21      43%         3
 Mephitic Cloud           Conj/Pois/Air  3%         N/A       45%         3


Dungeon Overview and Level Annotations

Branches:
Dungeon (1/15)

Altars:


Message History

Hit: a) +0 dagger
Press: ? - help, Dir - move target, f/p - dart slug
Aim: a dart slug (heavily wounded, about 7% to evade your +0 dagger)
You hit the dart slug.
The dart slug is severely wounded.
The dart slug launches a dart at you. The slug dart misses you.
Hit: a) +0 dagger
Press: ? - help, Dir - move target, f/p - dart slug
Aim: a dart slug (severely wounded, about 7% to evade your +0 dagger)
You hit the dart slug.
The dart slug is severely wounded.
The dart slug launches a dart at you. The slug dart misses you.
The kobold barely misses you.
Hit: a) +0 dagger
Press: ? - help, Dir - move target, f/p - dart slug
Aim: a dart slug (severely wounded, about 7% to evade your +0 dagger)
You hit the dart slug.
The dart slug is almost dead.
The dart slug launches a dart at you. The slug dart misses you.
The slug dart hits the endoplasm.
The kobold misses you.
Hit: a) +0 dagger
Press: ? - help, Dir - move target, f/p - dart slug
Aim: a dart slug (almost dead, about 7% to evade your +0 dagger)
You hit the dart slug.
The dart slug is almost dead.
The endoplasm hits you but does no damage.
The kobold hits you with a +0 dagger.
* * * LOW HITPOINT WARNING * * *
Hit: a) +0 dagger
Press: ? - help, Dir - move target, f/p - dart slug
Aim: a dart slug (almost dead, about 7% to evade your +0 dagger)
You hit the dart slug but do no damage.
The dart slug is almost dead.
The endoplasm hits you.
* * * LOW HITPOINT WARNING * * *
The dart slug launches a dart at you. The slug dart hits you.
You die...

............
..########.######.......
............# #.....†.
.............# #.......
+.............### #......#
#...............# #......#
................# #......#
...........w....# #.).....
........K@# #####.......
.....^..J.## ##..P........
+#+#......#.#.P♣♣........
#........#.#P.P_♣P#.....
#.###......#..P♣PP(P......
#..........#...P.♣P.......
#.######.....#....P..##.....
#......'.....#....##.##.....
########.....#....##.##.....


You could see a dart slug, an endoplasm and a kobold.

Vanquished Creatures
  An endoplasm (D:1)
  A goblin (D:1)
  A quokka (D:1)
  A rat (D:1)
4 creatures vanquished.

Notes
Turn   | Place    | Note
-------+----------+-------------------------------------------
     0 | D:1      | Prodoman the Demonspawn Hedge Wizard began the quest for
                  | the Orb.
     0 | D:1      | Reached XP level 1. HP: 13/13 MP: 4/4
   136 | D:1      | Reached skill level 1 in Translocations
   139 | D:1      | Found a faded altar of an unknown god.
   199 | D:1      | Killed from afar by a dart slug

Illustrated notes

Levels and vault maps discovered:
D:1:      onia_arrival_pyramid, layout_basic, ebering_ecumenical_altar_petrified

Skill      XL: |  1 |
---------------+----+-----
Translocations | 1 |  1.0
Dodging        | |  1.8
Stealth        | |  1.8
Spellcasting   | |  3.0
Conjurations   | |  1.1
Summonings     | |  1.1

Action                   || total
-------------------------++-------
Melee: Dagger            ||    11
 Cast: Magic Dart        ||    12
Armor: Robe              ||     1
Dodge: Dodged            ||     9
